 Dungeon Crawl Stone Soup version 0.30.1-9-gdf580d7c3d (webtiles) character file.

Game seed: 10492166561330787121

1496 ringo67 the Summoner (level 8, -3/48 HPs)
             Began as a Tengu Summoner on Sept 26, 2023.
             Shot with a bolt by an orc warrior (11 damage)
             ... on level 6 of the Dungeon.
             The game lasted 00:31:31 (5216 turns).

ringo67 the Summoner (Tengu Summoner)               Turns: 5216, Time: 00:31:31

Health: -3/48      AC:  5    Str:  9    XL:     8   Next: 81%
Magic:  10/16      EV: 15    Int: 17    God:
Gold:   233        SH:  0    Dex: 15    Spells: 11/17 levels left

rFire   . . .        G - +1 spear (heavy)
rCold   . . .        (no shield)
rNeg    . . .        m - +2 leather armour {rPois}
rPois   +            (helmet restricted)
rElec   .            (no cloak)
rCorr   .            (no gloves)
SInv    .            (boots unavailable)
Will    .....        (no amulet)
Stlth   ++           (no ring)
HPRegen 0.28/turn    (no ring)
MPRegen 0.15/turn

%: no passive effects
@: flying quickly and evasively, quick
A: beak, talons 3, nimble flight
a: no special abilities


You were on level 6 of the Dungeon.
You visited 1 branch of the dungeon, and saw 6 of its levels.

You collected 233 gold pieces.

Inventory:

Hand Weapons
 x - a +0 spear
 G - a +1 heavy spear (weapon)
Missiles
 F - a throwing net
Armour
 a - a +0 robe
 m - a +2 leather armour of poison resistance (worn)
Magical Staves
 B - a staff of fire
Jewellery
 s - a ring of fire
 C - a ring of ice
Wands
 l - a wand of polymorph (7)
 n - a wand of roots (11)
Scrolls
 e - 2 scrolls of noise {unknown}
 g - 2 scrolls of blinking
 h - 2 scrolls of immolation {unknown}
 q - a scroll of fog {unknown}
 r - a scroll of teleportation {unknown}
 t - a scroll of brand weapon {unknown}
 u - 2 scrolls of fear {unknown}
 v - a scroll of torment {unknown}
 y - 2 scrolls of vulnerability {unknown}
 z - 2 scrolls of amnesia {unknown}
 A - a scroll of enchant armour {unknown}
 D - a scroll of identify {unknown}
 H - 3 scrolls of magic mapping {unknown}
Potions
 b - a potion of magic
 c - a potion of cancellation {unknown}
 d - a potion of lignification {unknown}
 f - 2 potions of brilliance {unknown}
 i - 2 potions of degeneration {unknown}
 j - a potion of mutation {unknown}
 k - 2 potions of berserk rage {unknown}
 o - 2 potions of heal wounds {unknown}
 p - a potion of might {unknown}
 w - 2 potions of flight {unknown}
 E - a potion of attraction {unknown}
 I - a potion of curing {unknown}


   Skills:
 + Level 4.8 Fighting
 + Level 4.3 Polearms
 - Level 4.5 Dodging
 - Level 2.0 Stealth
 - Level 5.0 Spellcasting
 + Level 8.3 Summonings


You had 11 spell levels left.
You knew the following spells:

 Your Spells              Type           Power      Damage    Failure   Level
a - Summon Small Mammal   Summ           100%       N/A       1%          1
b - Call Canine Familiar  Summ           32%        N/A       1%          3
c - Call Imp              Summ           64%        N/A       1%          2

Your spell library contained the following spells:

 Spells                   Type           Power      Damage    Failure   Level
 Summon Guardian Golem    Hex/Summ       18%        N/A       11%         3
 Sublimation of Blood     Necr           4%         N/A       30%         2
 Wereblood                Tmut           4%         N/A       30%         2
 Summon Lightning Spire   Summ/Air       18%        N/A       36%         4
 Ignite Poison            Fire/Tmut/Pois 4%         N/A       52%         3
 Sticky Flame             Conj/Fire      4%         2d3       89%         4
 Summon Hydra             Summ           16%        N/A       99%         7
 Ignition                 Fire           2%         3d3       100%        8


Dungeon Overview and Level Annotations

Branches:
Dungeon (6/15)
 Temple: D:4-7

Altars:
Dithmenos
Xom


Innate Abilities, Weirdness & Mutations

You have a beak for a mouth.
You have claws for feet.
Your magical nature lets you fly swiftly and evasively.


Message History

The orc warrior unwields a +0 war axe.
The orc warrior wields a +0 arbalest.
The orc warrior shoots a bolt.
The bolt hits you!
The orc warrior shoots a bolt.
The bolt misses your hound. The bolt hits your cerulean imp.
You hear a shout! x2
The orc warrior shoots a bolt.
The bolt misses your hound. The bolt barely misses you.
Your hound closely misses the orc warrior.
Your cerulean imp hits the orc warrior but does no damage.
Your hound misses the orc warrior.
The orc warrior shoots a bolt.
The bolt hits your hound!!
Your hound dies!
Your hound's corpse disappears in a puff of smoke!
You hear a shout!
Casting: Call Imp (safe; 1% risk of failure)
Confirm with . or Enter, or press ? or * to list all spells.
Your cerulean imp hits the orc warrior but does no damage.
Your cerulean imp closely misses the orc warrior.
The orc warrior shoots a bolt.
The bolt hits you.
Your cerulean imp hits the orc warrior but does no damage.
The orc warrior shoots a bolt.
The bolt hits your cerulean imp.
An orc wizard comes into view.
It is wielding a +0 dagger and wearing a +1 robe of cold resistance.
The orc wizard shouts!
Your cerulean imp barely misses the orc warrior.
An orc comes into view. It is wielding a +0 flail.
The orc warrior shoots a bolt.
The bolt misses your cerulean imp. The bolt hits you!
Your hound bites the orc warrior but does no damage.
Your cerulean imp hits the orc warrior but does no damage.
Your hound completely misses the orc warrior.
The orc warrior shoots a bolt.
The bolt misses your cerulean imp. The bolt hits you!!
* * * LOW HITPOINT WARNING * * *
Your hound closely misses the orc warrior.
An orc comes into view. It is wielding a +0 club.
The orc wizard hits your hound with a +0 dagger.
Your hound bites the orc warrior.
The orc warrior shoots a bolt.
The bolt closely misses your cerulean imp.
The bolt hits you!
You die...

.########.#...
..$..........
............ #
........... #.
#...ho.... #.
#....oo.#
##.######.#5.##.#
#####...........##
.........#.@#...#
.......#......###
#....#.#..##..#
.........###.....
#####..<##
#.......
#..........###.
.......###.###
#.#..##.. .# #...#
... ##


You could see an orc warrior (ally target), an orc, a friendly hound (summoned)
and a friendly cerulean imp (summoned).

Vanquished Creatures
  A gnoll sergeant (D:5)
  2 scorpions (D:5)
  Natasha (twice) (D:2)
  3 orc wizards
  Robin (D:2)
  2 adders
  A shadow imp (D:5)
  A worm (D:2)
  A dart slug (D:1)
  5 orcs
  A ball python (D:3)
  4 bats
  An endoplasm (D:3)
  5 giant cockroaches
  4 goblins
  4 hobgoblins
  3 jackals
  4 kobolds
  2 quokkas
  5 rats
52 creatures vanquished.

Vanquished Creatures (collateral kills)
  Grinder (D:5)
  Sigmund (D:3)
  An ogre (D:5)
  A scorpion (D:5)
  A howler monkey (D:4)
  4 hounds
  A jelly (D:5)
  2 orc priests
  A sleepcap (D:5)
  2 iguanas
  Natasha (D:2)
  5 adders
  12 gnolls
  2 ufetubi
  2 worms
  A dart slug (D:3)
  8 orcs
  6 endoplasms
  8 goblins
  7 hobgoblins
  5 jackals
  2 ball pythons
  2 bats (D:1)
  4 kobolds
  2 rats
82 creatures vanquished.

Grand Total: 134 creatures vanquished

Notes
Turn   | Place    | Note
-------+----------+-------------------------------------------
     0 | D:1      | ringo67 the Tengu Summoner began the quest for the Orb.
     0 | D:1      | Reached XP level 1. HP: 10/10 MP: 4/4
   125 | D:1      | Reached skill level 5 in Summonings
   125 | D:1      | Reached XP level 2. HP: 10/15 MP: 3/6
   455 | D:1      | Reached XP level 3. HP: 16/19 MP: 4/7
   837 | D:1      | Found a shimmering altar of Xom.
   842 | D:1      | Learned a level 3 spell: Call Canine Familiar
  1010 | D:2      | Noticed Natasha
  1380 | D:2      | Killed Natasha
  1381 | D:2      | Reached XP level 4. HP: 24/24 MP: 5/9
  1453 | D:2      | Noticed Robin
  1474 | D:2      | Killed Robin
  1568 | D:2      | Noticed Natasha
  1590 | D:2      | Killed Natasha
  1591 | D:2      | Gained mutation: Your magical nature lets you fly swiftly
                  | and evasively. [Tengu growth]
  1591 | D:2      | Reached XP level 5. HP: 25/28 MP: 1/10
  1795 | D:2      | Noticed Natasha
  1813 | D:2      | Killed Natasha
  1930 | D:2      | Reached skill level 1 in Fighting
  2142 | D:3      | Noticed Sigmund
  2157 | D:3      | Killed Sigmund
  2158 | D:3      | Reached skill level 6 in Summonings
  2158 | D:3      | Reached XP level 6. HP: 35/35 MP: 6/12
  3014 | D:4      | Reached XP level 7. HP: 31/40 MP: 8/13
  3272 | D:4      | Reached skill level 1 in Polearms
  3799 | D:4      | Reached skill level 7 in Summonings
  3876 | D:5      | Entered Level 5 of the Dungeon
  4065 | D:5      | Reached XP level 8. HP: 46/46 MP: 13/15
  4253 | D:5      | Noticed Grinder
  4418 | D:4      | Learned a level 2 spell: Call Imp
  4476 | D:5      | Found a shadowy altar of Dithmenos.
  4636 | D:5      | Paralysed by Grinder for 4 turns
  4653 | D:5      | Paralysed by Grinder for 3 turns
  4674 | D:5      | Paralysed by Grinder for 5 turns
  4689 | D:5      | Killed Grinder
  4690 | D:5      | Reached skill level 5 in Spellcasting
  4782 | D:5      | Reached skill level 8 in Summonings
  5216 | D:6      | Shot with a bolt by an orc warrior

Illustrated notes

Levels and vault maps discovered:
D:1:      dpeg_arrival_lava_altar, layout_loops_cross
D:2:      layout_loops_ring, uniq_natasha, uniq_robin
D:3:      layout_loops_ring, minmay_hedge_maze, uniq_sigmund
D:4:      layout_rooms, serial_bayou_lagoon_a, chequers_serial_rivers_small_a
D:5:      layout_basic, mainiacjoe_overflow_paths, corexii_shack,
          grunt_decor_fettered, uniq_grinder
D:6:      layout_rooms, okawaru_trees_2, mainiacjoe_overflow_24_doors,
          lemuel_tele_altar

Skill      XL: |  1  2  3  4  5  6  7  8 |
---------------+-------------------------+-----
Summonings     | 5 6 7 8 |  8.3
Dodging        | 3 4 |  4.5
Spellcasting   | 3 4 5 |  5.0
Fighting       | 2 3 4 |  4.8
Polearms       | 2 4 |  4.3
Stealth        | |  2.0

Action                     |  1- 3 |  4- 6 |  7- 9 || total
---------------------------+-------+-------+-------++-------
  Melee: Short sword       |    46 |    38 |       ||    84
         Kick              |     8 |    17 |    22 ||    47
         Peck              |     6 |     4 |    24 ||    34
         Punch             |       |     1 |     2 ||     3
         Spear             |       |    25 |   143 ||   168
   Cast: Summon Small Mamm |    38 |    20 |    31 ||    89
         Call Canine Famil |       |    15 |    27 ||    42
         Call Imp          |       |       |     6 ||     6
  Evoke: Wand              |     1 |       |       ||     1
    Use: Scroll            |     1 |       |       ||     1
   Stab: Sleeping          |     1 |     4 |     1 ||     6
         Distracted        |       |     1 |     1 ||     2
 Armour: Robe              |    13 |     2 |       ||    15
         Leather armour    |       |     3 |    22 ||    25
  Dodge: Dodged            |    44 |    43 |    90 ||   177
